 Dungeon Crawl Stone Soup version 0.32-a0-131-g9dbbe29261 (webtiles) character file.

Game seed: 2350579520762261177

3029 whatisthis the Thaumaturge (level 10, -1/60 HPs)
             Began as a Djinni Air Elementalist on Feb 8, 2024.
             Was a Follower of Makhleb.
             Slain by a wolf (10 damage)
             ... on level 7 of the Dungeon.
             The game lasted 00:22:30 (7600 turns).

whatisthis the Thaumaturge (DjAE)                   Turns: 7600, Time: 00:22:30

Health: -1/60      AC:  3    Str:  7    XL:     10   Next: 10%
Gold:   372        EV: 12    Int: 20    God:    Makhleb [*.....] SH:  0 Dex: 15

rFire   + . .        d - +2 spear (venom)
rCold   . . .        (no shield)
rNeg    . . .        a - +0 robe
rPois   ∞            (no helmet)
rElec   .            (no cloak)
rCorr   .            C - +0 pair of gloves
SInv    .            (boots unavailable)
Will    +....        (no amulet)
Stlth   ++           k - ring of ice
HPRegen 0.30/turn    (no ring)
MPRegen 0.00/turn

%: infuse magic (-2 HP)
@: swift, flying, very quick
A: sickness immunity, fire resistance 2, cold vulnerability 1, float, innate
caster, HP casting, extra vitality 1
a: Renounce Religion


You were on level 7 of the Dungeon.
You worshipped Makhleb.
Makhleb was aware of your devotion.
You visited 2 branches of the dungeon, and saw 9 of its levels.
You also visited: Sewer.

You collected 372 gold pieces.

Inventory:

Hand Weapons
 d - a +2 spear of venom (weapon)
Missiles
 x - 4 poisoned darts
 y - 2 throwing nets
Armour
 a - a +0 robe (worn)
 C - a +0 pair of gloves (worn)
Jewellery
 k - a ring of ice (left hand)
 u - a ring of fire
Wands
 i - a wand of light (13)
 t - a wand of iceblast (7)
 A - a wand of paralysis (8)
Scrolls
 f - 2 scrolls of blinking
 g - a scroll of butterflies {unknown}
 h - 3 scrolls of amnesia
 l - a scroll of enchant weapon {unknown}
 v - 2 scrolls of teleportation
 w - a scroll of vulnerability {unknown}
 z - a scroll of immolation {unknown}
 B - 2 scrolls of noise
 D - a scroll of poison {unknown}
Potions
 b - 3 potions of haste
 e - 2 potions of resistance
 j - 5 potions of attraction
 m - a potion of magic {unknown}
 n - 2 potions of cancellation {unknown}
 o - 3 potions of heal wounds
 p - 2 potions of might {unknown}
 q - a potion of brilliance {unknown}
 r - a potion of lignification {unknown}


   Skills:
 - Level 2.1 Dodging
 - Level 1.5 Stealth
 + Level 11.0 Spellcasting
 + Level 11.0 Conjurations
 + Level 11.0 Hexes
   Level 0.0 Charms
 + Level 11.0 Summonings
 + Level 11.0 Necromancy
 + Level 11.0 Translocations
   Level 0.0 Transmutations
 + Level 11.0 Fire Magic
 + Level 11.0 Ice Magic
 + Level 11.0 Air Magic
 + Level 11.0 Earth Magic
 + Level 11.0 Alchemy


You knew the following spells:

 Your Spells              Type           Power      Damage    Failure   Level
a - Shock                 Conj/Air       100%       1d9       1%          1
b - Static Discharge      Conj/Air       100%       3-8/arc   1%          2
c - Swiftness             Air            53%        N/A       1%          3
d - Airstrike             Air            26%        2d(4-20)  1%          4
e - Sandblast             Erth           100%       2d20      1%          1
f - Lesser Beckoning      Tloc           100%       N/A       1%          2
g - Dazzling Flash        Conj/Hex       100%       N/A       1%          3
h - Vhi's Electric Charg  Tloc/Air       100%       N/A       1%          4
Your spell library was empty.

Dungeon Overview and Level Annotations

Branches:
Dungeon (8/15)             Temple (1/1) D:4           Sewer (visited)
   Lair: D:8-11

Altars:
Ashenzari
Cheibriados
Fedhas
Gozag
Makhleb
Nemelex Xobeh
Okawaru
Qazlal
Ru
Trog
Uskayaw
Wu Jian
Xom
Yredelemnul
Zin

Shops:
D:3 *   D:7 ?

Annotations:
D:2 1 runed translucent door, Crazy Yiuf
D:4 2 transporters, HilariousDeathArtist's ghost, amateur HOBr


Innate Abilities, Weirdness & Mutations

You are immune to sickness and miasma.
You are immune to poison.
Your flesh is very heat resistant. (rF++)
You are vulnerable to cold. (rC-)
You float through the air rather than walking.
You learn spells naturally, not from books.
Your magical power is your life essence.
You have superior vitality. (+4 MHP)


Message History

The wolf bites you. The wolf barely misses you.
You fly upwards.
There is a stone staircase leading down here.
Casting: Dazzling Flash (safe; 1% risk of failure)
Confirm with . or Enter, or press ? or * to list all spells.
The wolf is struck by an arc of lightning.
The wolf is moderately wounded.
You are struck by an arc of lightning.
The lightning grounds out.
The wolf closely misses you.
The wolf pauses to sniff the ground.
The wolf barely misses you.
Casting: Static Discharge (safe; 1% risk of failure)
Confirm with . or Enter, or press ? or * to list all spells.
The wolf is struck by an arc of lightning.
The wolf is moderately wounded.
You are struck by an arc of lightning.
The wolf is struck by an arc of lightning.
The wolf is heavily wounded.
The lightning grounds out.
The wolf bites you. The wolf closely misses you.
Casting: Static Discharge (safe; 1% risk of failure)
Confirm with . or Enter, or press ? or * to list all spells.
The wolf is struck by an arc of lightning.
The wolf is severely wounded.
You are struck by an arc of lightning.
The lightning grounds out.
The wolf bites you.
The wolf pauses to sniff the ground.
The wolf bites you!
* * * LOW HITPOINT WARNING * * *
Aiming: Paralyse
Press: ? - help, Shift-Dir - straight line, f - wolf
Aim: a wolf (severely wounded, chance to affect: 49%)
Okay, then.
Casting: Static Discharge (safe; 1% risk of failure)
Confirm with . or Enter, or press ? or * to list all spells.
You feel quick.
* * * LOW HITPOINT WARNING * * *
The wolf barely misses you. The wolf attacks as it pursues you!
The wolf bites you!
You die...

###......##.......#.#.........#
......#...........#.#.........#
.###[##.............#.........#
.###.##.......>.#..###.......##
..[...###...##.......##.....##
......###......##..#.########
........#.##...##..#.######
.....##.#.###...#..#.#....#
.....##.....#.#)@..#......#
#.#####........h#.........#
..####).###.....#.##.#....#
###....## #.....#.##.#....#
###....# ##....#.##.#....#
.......# #.#.......######
###....# #^#...##....# #
#...#### #ß#...###.#.##
#......###^##..# #.#..#


You could see a wolf.

Vanquished Creatures
  A polar bear (D:7)
  Menkaure (D:7)
  An orc warrior (D:7)
  4 ice beasts
  A black bear (D:4)
  An ogre (D:5)
  A centaur (D:5)
  A phantom (D:5)
  A kobold brigand (D:6)
  4 scorpions
  A bullfrog (D:8)
  5 wights (D:7)
  2 howler monkeys
  A crimson imp (D:5)
  2 bombardier beetles
  3 hounds
  8 jellies
  3 orc priests (D:5)
  3 sleepcaps
  3 gnoll boudas
  Ijyb (D:5)
  An iguana (D:7)
  4 orc wizards
  9 gnolls
  3 river rats (Sewer)
  8 adders
  A shadow imp (D:5)
  A white imp (D:3)
  2 ufetubi (D:5)
  4 ribbon worms
  2 dart slugs
  21 orcs
  7 ball pythons
  21 endoplasms
  7 giant cockroaches
  2 hobgoblins
  7 quokkas
  6 bats
  10 frilled lizards
  5 goblins
  9 kobolds
  9 rats
187 creatures vanquished.

Notes
Turn   | Place    | Note
-------+----------+-------------------------------------------
     0 | D:1      | whatisthis the Djinni Air Elementalist began the quest for
                  | the Orb.
     0 | D:1      | whatisthis set off with the following spells memorised:
                  | Shock, Static Discharge, Swiftness, Airstrike.
     0 | D:1      | Reached XP level 1. HP: 15/15 MP: 0/0
    80 | D:1      | Reached XP level 2. HP: 13/21 MP: 0/0
   491 | D:1      | Reached XP level 3. HP: 22/25 MP: 0/0
   491 | D:1      | Learned a level 1 spell: Sandblast
   903 | D:2      | Reached XP level 4. HP: 25/31 MP: 0/0
  1127 | D:2      | Found a broken altar of Ashenzari.
  1496 | D:2      | Found a runed translucent door.
  1497 | D:2      | Noticed Crazy Yiuf
  1688 | D:3      | Found a glowing drain.
  1692 | Sewer    | Entered a sewer
  1708 | Sewer    | Reached XP level 5. HP: 33/35 MP: 0/0
  1708 | Sewer    | Learned a level 2 spell: Lesser Beckoning
  2048 | Sewer    | Reached skill level 5 in Spellcasting
  2048 | Sewer    | Reached skill level 5 in Conjurations
  2048 | Sewer    | Reached skill level 5 in Hexes
  2048 | Sewer    | Reached skill level 5 in Summonings
  2048 | Sewer    | Reached skill level 5 in Necromancy
  2048 | Sewer    | Reached skill level 5 in Translocations
  2048 | Sewer    | Reached skill level 5 in Fire Magic
  2048 | Sewer    | Reached skill level 5 in Ice Magic
  2048 | Sewer    | Reached skill level 5 in Air Magic
  2048 | Sewer    | Reached skill level 5 in Earth Magic
  2048 | Sewer    | Reached skill level 5 in Alchemy
  2078 | Sewer    | Reached XP level 6. HP: 34/40 MP: 0/0
  2085 | Sewer    | Found a viscous altar of Jiyva.
  2243 | D:3      | Found Kefog's General Store.
  2435 | D:3      | Found a faded altar of an unknown god.
  3010 | D:4      | Reached XP level 7. HP: 26/45 MP: 0/0
  3010 | D:4      | Learned a level 3 spell: Dazzling Flash
  3340 | D:4      | Found a staircase to the Ecumenical Temple.
  3357 | Temple   | Entered the Ecumenical Temple
  3380 | D:4      | Found a transporter.
  3380 | D:4      | Identified the +11 chain mail "Ahuc" {+Blink rN+}
  3381 | D:4      | Noticed HilariousDeathArtist's ghost (amateur HOBr)
  3646 | D:4      | Reached XP level 8. HP: 34/50 MP: 0/0
  3902 | D:4      | Found a transporter.
  4211 | D:5      | Entered Level 5 of the Dungeon
  4488 | D:5      | Noticed Ijyb
  4491 | D:5      | Killed Ijyb
  4810 | D:5      | Found a snail-covered altar of Cheibriados.
  4994 | D:5      | Reached XP level 9. HP: 52/55 MP: 0/0
  4994 | D:5      | Learned a level 4 spell: Vhi's Electric Charge
  5289 | D:5      | Found a burning altar of Makhleb.
  5289 | D:5      | Found a shimmering altar of Xom.
  5297 | D:5      | Became a worshipper of Makhleb the Destroyer
  5840 | D:6      | Reached * piety under Makhleb
  6068 | D:6      | Found an opulent altar of Gozag.
  6452 | D:7      | Found the +4 consecrated labrys {holy, Valiant ^Fragile Fly
                  | SInv}
  6454 | D:7      | Noticed Menkaure
  6733 | D:7      | Reached skill level 10 in Spellcasting
  6733 | D:7      | Reached skill level 10 in Conjurations
  6733 | D:7      | Reached skill level 10 in Hexes
  6733 | D:7      | Reached skill level 10 in Summonings
  6733 | D:7      | Reached skill level 10 in Necromancy
  6733 | D:7      | Reached skill level 10 in Translocations
  6733 | D:7      | Reached skill level 10 in Fire Magic
  6733 | D:7      | Reached skill level 10 in Ice Magic
  6733 | D:7      | Reached skill level 10 in Air Magic
  6733 | D:7      | Reached skill level 10 in Earth Magic
  6733 | D:7      | Reached skill level 10 in Alchemy
  6834 | D:7      | Killed Menkaure
  7029 | D:7      | Found a blossoming altar of Fedhas.
  7032 | D:7      | Found a sacrificial altar of Ru.
  7178 | D:7      | Found a hide-covered altar of Uskayaw.
  7377 | D:7      | Found Zesum's Magic Scroll Shop.
  7519 | D:8      | Noticed a polar bear
  7537 | D:7      | Killed a polar bear
  7538 | D:7      | Reached XP level 10. HP: 44/60 MP: 0/0
  7600 | D:7      | Slain by a wolf

Illustrated notes

Levels and vault maps discovered:
D:1:      minmay_arrival_checkered_box, layout_basic, minmay_misc_feat_iff
D:2:      layout_basic, basic_altar, uniq_crazy_yiuf_cottage
D:3:      layout_loops_cross, serial_shops, nicolae_shop_tiny_real_fake_doors,
          gup_sewer_entry_bowl, dreamdust_ecumenical_altar_hidden_monk_grotto,
          kennysheep_generic_room_16
D:4:      layout_cave_pods, minmay_temple_entry_arrows,
          gammafunk_ghost_mausoleum
D:5:      layout_gridville, grunt_temple_overflow_champion_of_chaos,
          cheibrodos_worm_habitat, minivault_24, uniq_ijyb
D:6:      layout_basic, mainiacjoe_overflow_cross_hatched
D:7:      layout_rooms, nicolae_uskayaw_suspiria, grunt_temple_overflow_diamond,
          serial_shops, nicolae_shop_getting_attention,
          ebering_dispersal_statue_hall, kennysheep_small_circle, uniq_menkaure
D:8:      layout_rooms, nicolae_dithmenos_through_a_glass_darkly,
          nicolae_overflow_hidden_temple, hellmonk_lair_entry_icy, serial_shops,
          kennysheep_little_box
Temple:   zaba_magenta_temple

Skill      XL: |  1  2  3  4  5  6  7  8  9 10 |
---------------+-------------------------------+-----
Spellcasting   | 4 5 6 7 8 10 11 | 11.0
Conjurations   | 4 5 6 7 8 10 11 | 11.0
Hexes          | 4 5 6 7 8 10 11 | 11.0
Summonings     | 4 5 6 7 8 10 11 | 11.0
Necromancy     | 4 5 6 7 8 10 11 | 11.0
Translocations | 4 5 6 7 8 10 11 | 11.0
Fire Magic     | 4 5 6 7 8 10 11 | 11.0
Ice Magic      | 4 5 6 7 8 10 11 | 11.0
Air Magic      | 4 5 6 7 8 10 11 | 11.0
Earth Magic    | 4 5 6 7 8 10 11 | 11.0
Alchemy        | 4 5 6 7 8 10 11 | 11.0
Dodging        | |  2.1
Stealth        | |  1.5

Action                     |  1- 3 |  4- 6 |  7- 9 | 10-12 || total
---------------------------+-------+-------+-------+-------++-------
  Melee: Spear             |     2 |       |     3 |       ||     5
   Cast: Shock             |    67 |   110 |   107 |       ||   284
         Static Discharge  |     2 |    10 |    12 |     3 ||    27
         Sandblast         |       |     9 |    70 |       ||    79
         Lesser Beckoning  |       |     1 |     1 |       ||     2
         Dazzling Flash    |       |       |     7 |     1 ||     8
         Airstrike         |       |       |    16 |     2 ||    18
         Swiftness         |       |       |     1 |     1 ||     2
         Vhi's Electric Ch |       |       |     1 |       ||     1
    Use: Scroll            |       |       |     9 |       ||     9
   Stab: Distracted        |       |       |     1 |       ||     1
 Armour: Robe              |     6 |    18 |    49 |     8 ||    81
  Dodge: Dodged            |     3 |     5 |    36 |     5 ||    49

Table legend: (Time is in decaauts)
 A = Elapsed time spent in this place.
 B = Non-inter-level travel time spent in this place.
 C = Inter-level travel time spent in this place.
 D = Time resting spent in this place.
 E = Time spent auto-exploring this place.
 F = Levels seen in this place.
 G = Mean time per level.
                   A        B        C        D        E       F      G
               +--------+--------+--------+--------+--------+-----+--------+
         Total |   7638 |   7364 |    274 |   1846 |   3708 |  10 |  763.8 |
       Dungeon |   7137 |   6863 |    274 |   1580 |   3708 |   8 |  892.1 |
        Temple |      1 |      1 |      0 |      0 |      0 |   1 |    1.0 |
         Sewer |    499 |    499 |      0 |    266 |      0 |   1 |  499.0 |
               +--------+--------+--------+--------+--------+-----+--------+

Top non-repeatable levels by time:
     D:4: 1371 daAuts
     D:7: 1286 daAuts
     D:5: 1122 daAuts
     D:3: 957 daAuts
     D:6: 837 daAuts
     D:2: 789 daAuts
     D:1: 746 daAuts
   Sewer: 499 daAuts
     D:8: 26 daAuts
  Temple: 1 daAuts
